 Dungeon Crawl Stone Soup version 0.20.1-1-g8b1a95d (webtiles) character file.

28021 Kingsmith the Severer (level 13, -29/130 HPs)
             Began as a Minotaur Berserker on Nov 23, 2017.
             Was a High Priest of Trog.
             Killed from afar by a deep elf knight (33 damage)
             ... with a stone arrow
             ... on level 13 of the Dungeon.
             The game lasted 01:16:42 (13101 turns).

Kingsmith the Severer (Minotaur Berserker)         Turns: 13101, Time: 01:16:43

Health: -29/130    AC: 17    Str: 23    XL:     13   Next: 7%
Magic:  0/21       EV: 12    Int:  6    God:    Trog [*****.]
Gold:   483        SH:  0    Dex: 12    Spells: 12/12 levels left

rFire    . . .     SeeInvis +   K - +4 great sword (protect)
rCold    . . .     Gourm    .   (shield currently unavailable)
rNeg     + + +     Faith    .   y - +4 troll leather armour
rPois    +         Spirit   +   (helmet restricted)
rElec    .         Reflect  .   m - +2 cloak
rCorr    .         Harm     .   o - +1 pair of gloves
MR       .....     Rnd*Rage +   X - +0 pair of boots
Stlth    +.........             n - amulet of guardian spirit
Regen    0.8/turn               d - ring of see invisible
MPRegen  0.2/turn               r - ring of Faog {rPois rN+++ MP+9 Str-2 Slay-3}

@: lethally poisoned (-29 -> -29), berserk cooldown, slowed, very slow
A: retaliatory headbutt, horns 2, agile 1, berserk 1, robust 1, no potion heal 1
a: Berserk, Trog's Hand, Brothers in Arms, Burn Spellbooks, Renounce Religion


You were on level 13 of the Dungeon.
You worshipped Trog.
Trog was extremely pleased with you.
You were not hungry.

You visited 2 branches of the dungeon, and saw 14 of its levels.
You also visited: Ossuary and Bailey.

You collected 945 gold pieces.
You spent 462 gold pieces at shops.

Inventory:

Hand Weapons
 a - a +4 broad axe of chopping
 g - a +3 triple sword of flaming
 q - a +2 antimagic executioner's axe
 u - a +2 flail of holy wrath
 C - a +6 fustibalus of freezing
 K - a +4 great sword of protection (weapon)
 Q - a +3 battleaxe of electrocution
Missiles
 T - 4 tomahawks of returning (quivered)
Armour
 m - a +2 cloak (worn)
 o - a +1 pair of gloves (worn)
 y - a +4 troll leather armour (worn)
 I - a +2 leather armour of positive energy
 X - a +0 pair of boots (worn)
 Y - a +2 scale mail of fire resistance
Jewellery
 d - a ring of see invisible (left hand)
 e - an uncursed ring of ice
 n - an amulet of guardian spirit (around neck)
 r - the ring of Faog (right hand) {rPois rN+++ MP+9 Str-2 Slay-3}
   (You found it on level 11 of the Dungeon)

   [ring of slaying]

   It affects your strength (-2).
   It affects your accuracy and damage with ranged weapons and melee attacks
   (-3).
   It protects you from poison.
   It renders you almost immune to negative energy.
   It affects your magic capacity (+9).
 F - an uncursed ring of resist corrosion
 H - a +3 ring of dexterity
Wands
 B - a wand of digging (8/24)
 J - a wand of confusion (17/48)
 L - a wand of digging (13/24)
 O - a wand of confusion (28/48)
 Z - a wand of confusion (18/48)
Scrolls
 b - 4 scrolls of identify
 c - 2 scrolls of recharging
 j - 2 scrolls of teleportation
 k - 3 scrolls of remove curse
 x - a scroll of summoning {unknown}
Potions
 p - 6 potions of flight
 s - 4 potions of berserk rage
 v - 2 potions of resistance
 w - a potion of magic
 z - a potion of agility
 G - 3 potions of curing
 M - a potion of degeneration {unknown}
 N - a potion of haste
 P - 2 potions of brilliance
Comestibles
 f - 5 chunks of flesh
 h - 16 meat rations
 l - 10 royal jellies
 t - 8 bread rations
 D - 15 fruits


   Skills:
 + Level 12.6 Fighting
 + Level 9.9 Long Blades
 * Level 16.2 Axes
   Level 5.6 Staves
 + Level 12.1 Armour
 - Level 2.4 Dodging
   Level 1.3 Shields


You had 12 spell levels left.
You didn't know any spells.

Dungeon Overview and Level Annotations

Branches:
Dungeon (13/15)            Temple (1/1) D:5            Lair (0/6) D:10
    Orc (0/2) D:12
 Vaults: D:13-14

Altars:
Dithmenos
Kikubaaqudgha
Makhleb
Nemelex Xobeh
Qazlal
Vehumet
Xom
Zin

Shops:
D:4 *

Portals:
Trove: D:13 (give 16 potions of curing)

Annotations:
D:1 Loads of exp, behind stone walls
Temple Stash


Innate Abilities, Weirdness & Mutations

You reflexively headbutt those who attack you in melee.
You have a pair of horns on your head.
You are agile. (Dex +2)
You tend to lose your temper in combat.
You are robust. (+10% HP)
Potions are less effective at restoring your health.


Message History

The deep elf knight hits you but does no damage.
The deep elf knight points at you and mumbles some strange words.
The stone arrow hits you!
* * * LOW HITPOINT WARNING * * *
Your two-headed ogre rages.
The deep elf knight hits you with a short sword.
* * * LOW HITPOINT WARNING * * *
The deep elf knight blocks your two-headed ogre's attack.
Your two-headed ogre misses the deep elf knight.
Okay, then.
As you read the scroll of fear, it crumbles to dust.
You assume a fearsome visage.
The deep elf knight looks frightened!
You feel sick.
The deep elf knight hits your two-headed ogre with a short sword!
The deep elf knight blocks your two-headed ogre's attack.
Your two-headed ogre's attack snaps the deep elf knight out of its fear.
Your two-headed ogre hits the deep elf knight with a giant club!
The deep elf knight gestures at you while chanting.
The stone arrow hits you!
You die...

#..## #...# ##..#
#..#####
#########))....#
...........###.#########
........................
####.....#..#..#..#..#..
# #..........).@.......
# #...........)e.......
####....########O)######
.....#..# ....#
###.....# #...)# #.....#
#....# #..#..# ......
#.....# ....... #.(...#
######..#


You could see a deep elf knight and a friendly two-headed ogre (berserk).

Vanquished Creatures
  A hydra (D:12)
  5 two-headed ogres
  A centaur warrior (D:13)
  An orc high priest (Bailey)
  A tengu warrior (D:13)
  Sonja (D:13)
  2 unseen horrors
  6 deep elf magi
  An orc sorcerer (Bailey)
  2 orc knights (Bailey)
  2 ugly things
  A cyclops (D:13)
  An elephant (D:10)
  A gargoyle (D:10)
  The ghost of Glorfindel the Spear-Bearer, a novice DsFi of Ashenzari (D:6)
  A kobold demonologist (D:13)
  A tengu conjurer (D:11)
  2 trolls
  3 slime creatures
  A hornet (D:13)
  2 hippogriffs
  A wyvern (D:9)
  A basilisk (D:13)
  2 vampires
  2 shadows
  8 yaks
  A human (D:12)
  2 hogs (D:12)
  6 vampire mosquitoes
  Menkaure (D:7)
  A water moccasin (D:10)
  A soldier ant (D:11)
  15 orc warriors
  2 ice beasts
  8 sky beasts
  3 phantoms
  4 ogres
  4 crocodiles
  3 bullfrogs
  3 big kobolds
  A wyvern skeleton (D:11)
  3 scorpions
  2 water moccasin skeletons
  12 killer bees
  13 wights
  6 electric eels
  A howler monkey (D:10)
  2 bullfrog zombies
  A crimson imp (D:6)
  A quasit (D:4)
  A centaur zombie (D:5)
  15 orc priests
  9 hounds
  6 jellies
  3 bullfrog skeletons
  Crazy Yiuf (D:2)
  5 centaur skeletons
  3 iguanas
  10 orc wizards
  14 worker ants
  5 big kobold zombies (Ossuary)
  A hound skeleton (D:4)
  2 mummies
  A worker ant zombie (D:11)
  11 gnolls
  9 adders
  3 shadow imps
  2 adder skeletons
  An adder zombie (D:8)
  3 worms
  2 dart slugs
  7 leopard geckos
  63 orcs
  A bat (D:2)
  4 giant cockroaches
  7 gnoll zombies (Ossuary)
  12 hobgoblins
  7 jackals
  8 quokkas
  2 ball pythons
  3 bat simulacra (Ossuary)
  8 frilled lizards
  12 goblins
  4 goblin simulacra (Ossuary)
  4 goblin zombies (Ossuary)
  4 hobgoblin zombies (Ossuary)
  22 kobolds
  3 kobold simulacra (Ossuary)
  4 kobold zombies (Ossuary)
  6 orc zombies (Ossuary)
  28 rats
  2 rat simulacra (Ossuary)
  A spectral goblin (Ossuary)
  A spectral kobold (Ossuary)
  2 spectral rats (Ossuary)
469 creatures vanquished.

Vanquished Creatures (collateral kills)
  A two-headed ogre (D:8)
  An orc knight (Bailey)
  A troll (D:13)
  2 hungry ghosts (D:9)
  3 orc warriors (Bailey)
  An eye of draining (D:13)
  5 killer bees
  2 electric eels (D:8)
  5 gnolls
  An adder skeleton (D:7)
  4 orcs (Bailey)
  A giant cockroach (shapeshifter) (Bailey)
  3 goblins (Bailey)
  A hobgoblin (Bailey)
  A plant (D:8)
32 creatures vanquished.

Grand Total: 501 creatures vanquished

Notes
Turn   | Place    | Note
-------+----------+-------------------------------------------
     0 | D:1      | Kingsmith the Minotaur Berserker began the quest for the Orb.
     0 | D:1      | Reached XP level 1. HP: 19/19 MP: 0/0
     2 | D:1      | Noticed a naga
     4 | D:1      | Noticed a centaur
     4 | D:1      | Noticed a halfling
     6 | D:1      | Noticed a human
     6 | D:1      | Noticed a vine stalker
     8 | D:1      | Noticed a merfolk
     8 | D:1      | Noticed a spriggan
    10 | D:1      | Noticed a dwarf
    12 | D:1      | Noticed a vampire
    14 | D:1      | Noticed an elf
    14 | D:1      | Noticed a formicid
    16 | D:1      | Noticed a troll
    16 | D:1      | Noticed an ogre
    18 | D:1      | Noticed a felid
    18 | D:1      | Noticed a minotaur
    20 | D:1      | Noticed an octopode
    20 | D:1      | Noticed a tengu
    22 | D:1      | Noticed a draconian
    22 | D:1      | Noticed a gargoyle
    24 | D:1      | Noticed a ghoul
    24 | D:1      | Noticed a demigod
    26 | D:1      | Noticed a demonspawn
   194 | D:1      | Reached XP level 2. HP: 27/27 MP: 1/1
   221 | D:1      | Reached skill level 4 in Axes
   806 | D:1      | Reached ** piety under Trog
  1107 | D:2      | Reached XP level 3. HP: 12/33 MP: 2/2
  1116 | D:2      | Gained mutation: You tend to lose your temper in combat. [potion of mutation]
  1116 | D:2      | Gained mutation: Potions are less effective at restoring your health. [potion of mutation]
  1116 | D:2      | Gained mutation: You are agile. (Dex +2) [potion of mutation]
  1116 | D:2      | Gained mutation: You are robust. (+10% HP) [potion of mutation]
  1125 | D:2      | HP: 1/36 [poisoned by an adder]
  1459 | D:2      | Paralysed by fainting for 10 turns
  1482 | D:2      | Paralysed by fainting for 9 turns
  1550 | D:2      | Paralysed by fainting for 7 turns
  1827 | D:2      | Found a runed door.
  1831 | D:2      | Noticed Crazy Yiuf
  1836 | D:2      | Killed Crazy Yiuf
  1836 | D:2      | Reached XP level 4. HP: 45/45 MP: 3/3
  1998 | D:3      | Reached skill level 5 in Axes
  2018 | D:3      | Reached skill level 1 in Staves
  2279 | D:3      | Reached XP level 5. HP: 50/51 MP: 4/4
  2492 | D:4      | Reached XP level 6. HP: 52/60 MP: 2/5
  2494 | D:4      | Reached *** piety under Trog
  2494 | D:4      | Reached skill level 5 in Fighting
  2519 | D:4      | Found Ynup Xaph's General Store.
  2997 | D:5      | Entered Level 5 of the Dungeon
  3006 | D:5      | Reached XP level 7. HP: 49/67 MP: 4/6
  3120 | D:5      | Reached skill level 6 in Axes
  3120 | D:5      | Reached skill level 5 in Staves
  3329 | D:5      | Reached **** piety under Trog
  3443 | D:5      | Found a staircase to the Ecumenical Temple.
  3746 | Temple   | Entered the Ecumenical Temple
  3822 | Temple   | Identified a scroll of acquirement
  3992 | D:6      | Reached skill level 5 in Armour
  4011 | D:6      | Found a sparkling altar of Nemelex Xobeh.
  4032 | D:6      | Noticed Glorfindel's ghost (novice DsFi)
  4036 | D:6      | Found a sand-covered staircase.
  4042 | Ossuary  | Entered an ossuary
  4231 | Ossuary  | Reached ***** piety under Trog
  4347 | Ossuary  | Reached skill level 7 in Axes
  4347 | Ossuary  | Reached XP level 8. HP: 78/78 MP: 7/7
  4511 | D:6      | Killed Glorfindel's ghost
  4573 | D:6      | Reached skill level 8 in Axes
  5159 | D:7      | Reached skill level 9 in Axes
  5208 | D:8      | Found a shimmering altar of Xom.
  5230 | D:8      | Reached XP level 9. HP: 85/89 MP: 8/8
  5295 | D:8      | Found a transporter.
  5315 | D:8      | Found a transporter.
  5394 | D:8      | Received a gift from Trog
  5594 | D:7      | Reached skill level 10 in Axes
  5625 | D:7      | Noticed Menkaure
  5629 | D:7      | Killed Menkaure
  5629 | D:7      | Reached skill level 1 in Long Blades
  6375 | D:8      | Noticed a two-headed ogre
  6402 | D:8      | Killed a two-headed ogre
  6649 | D:8      | Reached skill level 11 in Axes
  6870 | D:8      | Noticed a troll
  6878 | D:8      | Killed a troll
  6908 | D:9      | Reached XP level 10. HP: 79/100 MP: 9/9
  7068 | D:9      | Found a burning altar of Makhleb.
  7100 | D:9      | Found a shadowy altar of Dithmenos.
  7166 | D:9      | Found a flagged portal.
  7176 | Bailey   | Entered a bailey
  7218 | Bailey   | Noticed an orc high priest
  7218 | Bailey   | Found an iron altar of Okawaru.
  7227 | Bailey   | Noticed an orc sorcerer
  7230 | Bailey   | Killed an orc high priest
  7231 | Bailey   | Paralysed by an orc sorcerer for 5 turns
  7238 | Bailey   | Killed an orc sorcerer
  7238 | Bailey   | Reached skill level 5 in Long Blades
  7238 | Bailey   | Reached skill level 12 in Axes
  7517 | Bailey   | Noticed an orc knight
  7539 | Bailey   | Killed an orc knight
  7540 | Bailey   | Reached skill level 10 in Fighting
  7581 | Bailey   | Noticed an orc knight
  7589 | Bailey   | Killed an orc knight
  7956 | Bailey   | Noticed an orc knight
  7964 | Bailey   | Killed an orc knight
  8166 | Bailey   | Got a vibrating sapphire amulet
  8168 | Bailey   | Identified the amulet "Pabuz" {Harm *Drain Str+4} (You acquired it in a bailey)
  8741 | D:9      | Received a gift from Trog
  8850 | D:9      | Found an ancient bone altar of Kikubaaqudgha.
  9165 | D:9      | Reached XP level 11. HP: 110/110 MP: 10/10
  9333 | D:10     | Entered Level 10 of the Dungeon
  9447 | D:10     | Found a staircase to the Lair.
  9450 | D:10     | Reached skill level 13 in Axes
  9458 | D:10     | Reached skill level 1 in Shields
 10004 | D:4      | Bought a scroll of identify for 24 gold pieces
 10004 | D:4      | Bought a scroll of recharging for 114 gold pieces
 10004 | D:4      | Bought a +0 triple sword of flaming for 240 gold pieces
 10004 | D:4      | Bought a scroll of identify for 24 gold pieces
 10004 | D:4      | Bought a bread ration for 60 gold pieces
 10165 | D:10     | Killed an unseen horror
 10255 | D:10     | Noticed a two-headed ogre
 10268 | D:10     | Killed a two-headed ogre
 10268 | D:10     | Reached skill level 10 in Armour
 10601 | D:10     | Noticed a two-headed ogre
 10609 | D:10     | Killed a two-headed ogre
 10809 | D:10     | Noticed a deep elf mage
 10814 | D:10     | Killed a deep elf mage
 10814 | D:10     | Reached skill level 14 in Axes
 10875 | D:11     | Found a radiant altar of Vehumet.
 10952 | D:11     | Noticed a red ugly thing
 10957 | D:11     | Noticed a two-headed ogre
 10959 | D:11     | Killed a red ugly thing
 10965 | D:11     | Killed a two-headed ogre
 11007 | D:11     | Noticed a two-headed ogre
 11011 | D:11     | Killed a two-headed ogre
 11036 | D:11     | Got a clouded granite ring
 11037 | D:11     | Identified the cursed ring of Faog {rPois rN+++ MP+9 Str-2 Slay-3} (You found it on level 11 of the Dungeon)
 11174 | D:11     | Received a gift from Trog
 11579 | D:11     | Noticed a two-headed ogre
 11587 | D:11     | Killed a two-headed ogre
 11587 | D:11     | Reached XP level 12. HP: 101/121 MP: 3/11
 11653 | D:12     | Noticed a five-headed hydra
 11726 | D:12     | Killed a one-headed hydra
 11740 | D:12     | Reached skill level 15 in Axes
 12189 | D:12     | Found a staircase to the Orcish Mines.
 12304 | D:12     | Received a gift from Trog
 12443 | D:13     | Noticed a tengu warrior
 12447 | D:13     | Killed a tengu warrior
 12469 | D:13     | Found a portal to a secret trove of treasure.
 12614 | D:13     | Noticed a centaur warrior
 12622 | D:13     | Killed a centaur warrior
 12696 | D:13     | Noticed Sonja
 12730 | D:13     | Reached skill level 16 in Axes
 13071 | D:13     | Reached XP level 13. HP: 108/130 MP: 7/12
 13072 | D:13     | Killed Sonja
 13100 | D:13     | HP: 4/130 [deep elf knight/short sword (5)]
 13101 | D:13     | Killed from afar by a deep elf knight

Skill      XL: |  1  2  3  4  5  6  7  8  9 10 11 12 |
---------------+-------------------------------------+-----
Axes           | 4 5 7 9 11 12 14 16 | 16.2
Fighting       | 4 5 6 7 9 10 11 12 | 12.6
Armour         | 3 4 5 6 8 9 10 12 | 12.1
Staves         | 2 3 4 5 |  5.6
Long Blades    | 3 6 8 9 |  9.9
Shields        | 1 |  1.3
Dodging        | |  2.4

Action                   |  1- 3 |  4- 6 |  7- 9 | 10-12 | 13-15 || total
-------------------------+-------+-------+-------+-------+-------++-------
Melee: Hand axe          |    73 |       |       |       |       ||    73
       Headbutt          |     9 |    18 |    59 |   112 |     2 ||   200
       Quarterstaff      |       |   120 |   267 |   141 |       ||   528
       Broad axe         |       |       |    45 |    48 |       ||    93
       Battleaxe         |       |       |       |   137 |       ||   137
       Executioner's axe |       |       |       |   128 |     7 ||   135
       Great sword       |       |       |       |    70 |    18 ||    88
       Triple sword      |       |       |       |     4 |       ||     4
 Fire: Shortbow          |       |       |       |     3 |       ||     3
Throw: Tomahawk          |       |       |     3 |     9 |       ||    12
Invok: Berserk           |     2 |     2 |       |     2 |       ||     6
       Burn Spellbooks   |       |       |     1 |     2 |       ||     3
       Brothers in Arms  |       |       |     2 |     6 |     1 ||     9
       Trog's Hand       |       |       |     1 |     3 |       ||     4
Evoke: Wand              |       |       |     1 |       |       ||     1
  Use: Potion            |     5 |       |     2 |     4 |       ||    11
       Scroll            |       |       |    21 |    18 |     1 ||    40
 Stab: Sleeping          |       |       |     2 |       |       ||     2
       Paralysed         |       |       |       |     1 |       ||     1
       Distracted        |       |       |       |     1 |       ||     1
  Eat: Bread ration      |     1 |       |       |       |       ||     1
       Chunk             |       |     6 |    13 |    24 |       ||    43
       Meat ration       |       |       |       |     1 |       ||     1
Armor: Animal skin       |    17 |       |       |       |       ||    17
       Scale mail        |       |    70 |    26 |    14 |       ||   110
       Chain mail        |       |       |    81 |       |       ||    81
       Leather armour    |       |       |    24 |    24 |       ||    48
       Troll leather arm |       |       |    22 |   293 |    13 ||   328
Dodge: Dodged            |    33 |    77 |   158 |   398 |     7 ||   673
Block: Shield            |       |       |       |    21 |       ||    21
       Rpst.: Great sword |       |       |       |     7 |     1 ||     8
       Triple sword      |       |       |       |     5 |       ||     5
